 Dungeon Crawl Stone Soup version 0.22-a0-157-g169b76a (webtiles) character file.

2502 KristoblXynda the Cleaver (level 9, -7/73 HPs)
             Began as a Deep Dwarf Gladiator on Feb 8, 2018.
             Mangled by an orc warrior
             ... wielding a +0 short sword
              (14 damage)
             ... on level 7 of the Dungeon.
             The game lasted 00:13:15 (6529 turns).

KristoblXynda the Cleaver (Deep Dwarf Gladiator)    Turns: 6529, Time: 00:13:15

Health: -7/73      AC: 10    Str: 18    XL:     9   Next: 28%
Magic:  9/9        EV: 15    Int: 12    God:
Gold:   436        SH:  0    Dex: 18    Spells: 8/8 levels left

rFire    . . .     SeeInvis +   a - +1 war axe
rCold    + . .     Gourm    .   (no shield)
rNeg     . . .     Faith    .   w - +1 scale mail {rC+}
rPois    .         Spirit   .   c - +0 helmet
rElec    .         Reflect  .   (no cloak)
rCorr    .         Harm     .   (no gloves)
MR       +....                  (no boots)
Stlth    ..........             (no amulet)
HPRegen  0.00/turn              q - +4 ring of dexterity
MPRegen  0.11/turn              p - ring of see invisible

@: non-regenerating
A: damage resistance, heal wounds, sense surroundings 2, no regeneration
a: Heal Wounds


You were on level 7 of the Dungeon.
You were not hungry.

You visited 1 branch of the dungeon, and saw 7 of its levels.
You also visited: Sewer and Ossuary.

You collected 436 gold pieces.

Inventory:

Hand Weapons
 a - a +1 war axe (weapon)
Missiles
 d - 2 throwing nets (quivered)
Armour
 c - a +0 helmet (worn)
 w - a +1 scale mail of cold resistance (worn)
Jewellery
 m - an uncursed ring of magical power
 p - a ring of see invisible (right hand)
 q - a +4 ring of dexterity (left hand)
Wands
 e - a wand of clouds (3)
 i - a wand of iceblast (8)
 j - a wand of acid (6)
 D - a wand of digging (35)
Scrolls
 b - 4 scrolls of remove curse
 g - 4 scrolls of magic mapping
 h - a scroll of blinking
 k - 7 scrolls of teleportation
 o - 2 scrolls of enchant weapon
 v - 5 scrolls of fog
 y - a scroll of amnesia
Potions
 l - 3 potions of flight
 n - 4 potions of might
 x - 2 potions of resistance {unknown}
 A - a potion of agility
 B - 5 potions of curing
 C - a potion of heal wounds
Books
 r - a book of Conjurations

   Spells                             Type                      Level
   a - Magic Dart                     Conjuration                  1
   b - Searing Ray                    Conjuration                  2
   c - Dazzling Spray                 Conjuration/Hexes            3
   d - Fulminant Prism                Conjuration/Hexes            4
   e - Force Lance                    Conjuration/Translocation    4
   f - Iskenderun's Mystic Blast      Conjuration                  4
 t - a book of Minor Magic

   Spells                             Type                      Level
   a - Magic Dart                     Conjuration                  1
   b - Blink                          Translocation                2
   c - Call Imp                       Summoning                    2
   d - Slow                           Hexes                        2
   e - Conjure Flame                  Conjuration/Fire             3
   f - Mephitic Cloud                 Conjuration/Poison/Air       3
Comestibles
 f - 11 rations


   Skills:
 - Level 1.7 Fighting
 * Level 10.2 Axes
 - Level 2.0 Throwing
 + Level 6.7 Armour
 + Level 7.6 Dodging


You had 8 spell levels left.
You didn't know any spells.

Dungeon Overview and Level Annotations

Branches:
Dungeon (7/15)             Temple (0/1) D:7

Altars:
Dithmenos
Fedhas
Okawaru
Sif Muna
Uskayaw
Xom
Yredelemnul

Annotations:
D:7 2 transporters


Innate Abilities, Weirdness & Mutations

You are resistant to damage.
You can heal yourself by infusing magical energy.
You passively map the area around you.
You do not regenerate.


Message History

You closely miss the orc warrior. You hit the orc.
The orc warrior hits you with a short sword.
The orc hits you with a war axe. The orc barely misses you.
You slice the orc!!
You kill the orc!
You barely miss the orc warrior. You hit the orc.
You kill the orc!
The orc warrior misses you.
The orc warrior hits you with a short sword!
* * * LOW HITPOINT WARNING * * *
Things that are here:
a falchion; a dagger; a robe You barely miss the orc warrior.
The orc warrior is heavily wounded.
The orc warrior hits you with a short sword!
* * * LOW HITPOINT WARNING * * *
You completely miss the orc warrior.
The orc warrior is heavily wounded.
The orc warrior hits you with a short sword!
You die...

* ,, ,# ## ##### * ##
, .. * * *.... ,,... ,
* #. , .#.#.. ,.... *
#. * ** * * ....#
#.#.# ,, #.
........... .. #. *
,#.#.#.......#..####)
* #.#................#
#.#.#@#...>...#..####.
, * #.#.o.)......)...
#... *
#.#...#.......#.###.#.
#.#.#.................
*,
#.#.#.#.#.#.#.#..##.#.
,
#.#.#...........###.#.
*
######.........##...##
#.#. * ,
.....>......#####..##
#.##
########.########.##
#.##


You could see an orc warrior.

Vanquished Creatures
  The ghost of Kavrick the Slasher, a novice DsFi of Cheibriados (D:7)
  Sigmund (D:5)
  A hungry ghost (D:7)
  Edmund (D:5)
  A phantom (D:4)
  2 ogres (D:7)
  5 bullfrogs
  2 howler monkeys
  4 crimson imps
  A bullfrog skeleton (D:6)
  3 orc priests
  2 hounds
  7 orc wizards
  Jessica (D:2)
  An iguana (D:5)
  2 big kobold zombies (Ossuary)
  2 mummies (Ossuary)
  Robin (D:3)
  14 adders
  6 river rats (Sewer)
  An ooze (D:1)
  6 adder zombies (Ossuary)
  2 worms
  5 dart slugs
  3 leopard geckos
  23 orcs
  6 bats
  6 giant cockroaches
  3 gnoll zombies (Ossuary)
  18 goblins
  8 hobgoblins
  2 jackals (D:1)
  12 ball pythons
  7 frilled lizards
  A giant cockroach zombie (D:5)
  3 hobgoblin zombies (Ossuary)
  A jackal skeleton (D:4)
  10 kobolds
  3 kobold zombies (Ossuary)
  5 orc zombies (Ossuary)
  27 rats
  A spectral orc (D:4)
  A butterfly (D:3)
212 creatures vanquished.

Notes
Turn   | Place    | Note
-------+----------+-------------------------------------------
     0 | D:1      | KristoblXynda the Deep Dwarf Gladiator began the quest for the Orb.
     0 | D:1      | Reached XP level 1. HP: 19/19 MP: 1/1
   213 | D:1      | Reached XP level 2. HP: 21/26 MP: 2/2
   295 | D:1      | Reached skill level 1 in Armour
   344 | D:1      | Reached XP level 3. HP: 22/32 MP: 3/3
   347 | D:1      | Reached skill level 4 in Axes
   923 | D:2      | Found a blossoming altar of Fedhas.
   969 | D:2      | Noticed Jessica
   972 | D:2      | Killed Jessica
   972 | D:2      | Reached XP level 4. HP: 25/39 MP: 4/4
  1872 | D:3      | Noticed Robin
  1887 | D:3      | Killed Robin
  1932 | D:3      | Reached skill level 5 in Axes
  1932 | D:3      | Reached XP level 5. HP: 33/45 MP: 5/5
  2033 | D:3      | HP: 1/45 [orc wizard/puff of flame (4)]
  2472 | D:3      | Found a shimmering altar of Xom.
  2837 | D:4      | Reached XP level 6. HP: 41/52 MP: 6/6
  2945 | D:4      | Found a basalt altar of Yredelemnul.
  2996 | D:4      | Reached skill level 6 in Axes
  3045 | D:4      | Reached skill level 5 in Dodging
  3265 | D:4      | Reached XP level 7. HP: 17/58 MP: 7/7
  3841 | D:5      | Entered Level 5 of the Dungeon
  3846 | D:5      | Found a sand-covered staircase.
  3855 | Ossuary  | Entered an ossuary
  4359 | D:5      | Found a glowing drain.
  4375 | Sewer    | Entered a sewer
  4403 | Sewer    | Reached skill level 7 in Axes
  4934 | D:5      | Found a hide-covered altar of Uskayaw.
  4942 | D:5      | Reached XP level 8. HP: 28/66 MP: 8/8
  5121 | D:5      | Reached skill level 8 in Axes
  5309 | D:5      | Noticed Sigmund
  5319 | D:5      | Killed Sigmund
  5319 | D:5      | Reached skill level 5 in Armour
  5337 | D:5      | Noticed Edmund
  5359 | D:5      | Killed Edmund
  5599 | D:6      | Reached skill level 9 in Axes
  5857 | D:6      | Found a shadowy altar of Dithmenos.
  5858 | D:6      | Found an iron altar of Okawaru.
  6018 | D:7      | Noticed Kavrick's ghost (novice DsFi)
  6052 | D:7      | Killed Kavrick's ghost
  6052 | D:7      | Gained mutation: You passively map the area around you. [Deep Dwarf growth]
  6052 | D:7      | Reached XP level 9. HP: 43/73 MP: 9/9
  6282 | D:7      | Reached skill level 10 in Axes
  6393 | D:7      | Found a transporter.
  6400 | D:7      | Found a transporter.
  6405 | D:7      | Noticed a two-headed ogre
  6406 | D:7      | Noticed a yaktaur
  6407 | D:7      | Found a deep blue altar of Sif Muna.
  6478 | D:7      | Found a staircase to the Ecumenical Temple.
  6529 | D:7      | Mangled by an orc warrior

Vault maps used:
D:1:      minmay_arrival_stair_chambers, serial_bayou_lagoon_a
D:2:      fedhas_altar_2, uniq_jessica
D:3:      xom_butterflies, first_ration, uniq_robin
D:4:      yredelemnul_forgotten_temple_becter
D:5:      old_standard_altar, cheibrodos_sewer_entry_bend,
          nicolae_ossuary_entry_ruins, small_statue_intersection,
          sigmund_edmund_badplayer
D:6:      gammafunk_temple_overflow_pools, kennysheep_generic_room_14
D:7:      gammafunk_temple_overflow_arena, minmay_temple_entry_glass,
          minivault_4, nrook_uturn
Sewer:    sewer_minmay_w
Ossuary:  ossuary_tomb_2

Skill      XL: |  1  2  3  4  5  6  7  8  9 |
---------------+----------------------------+-----
Throwing       | 2 |  2.0
Armour         | 1 2 3 4 6 |  6.7
Axes           | 4 5 6 7 9 10 | 10.2
Dodging        | 4 5 6 7 |  7.6
Fighting       | |  1.7

Action                   |  1- 3 |  4- 6 |  7- 9 || total
-------------------------+-------+-------+-------++-------
Melee: War axe           |    71 |   228 |   413 ||   712
Throw: Throwing net      |       |       |     2 ||     2
 Abil: Heal Wounds       |       |     3 |     1 ||     4
  Use: Scroll            |       |    10 |    10 ||    20
       Potion            |       |     2 |    11 ||    13
 Stab: Held in net/web   |       |       |     1 ||     1
  Eat: Chunk             |       |     4 |     2 ||     6
       Ration            |       |     1 |     5 ||     6
Armor: Leather armour    |    24 |    10 |       ||    34
       Ring mail         |       |    64 |    65 ||   129
       Skin              |       |       |    88 ||    88
       Scale mail        |       |       |    34 ||    34
Dodge: Dodged            |    41 |   179 |   274 ||   494

Table legend:
 A = Spawn XP
 B = Non-spawn XP
 C = Spawn XP percentage of total XP
 D = Spawn monster count
 E = Non-spawn monster count
 F = Spawn count percentage of total count
 G = Total turns spent on level
                    A         B        C        D         E        F      G
               +---------+---------+-------+---------+---------+-------+---------
         Total |       0 |    3575 |   0.0 |       0 |     211 |   0.0 |  6529
               +---------+---------+-------+---------+---------+-------+---------
           D:1 |       0 |      60 |   0.0 |       0 |      29 |   0.0 |   923
           D:2 |       0 |      53 |   0.0 |       0 |      13 |   0.0 |   893
           D:3 |       0 |     241 |   0.0 |       0 |      39 |   0.0 |  1009
           D:4 |       0 |     428 |   0.0 |       0 |      22 |   0.0 |  1016
           D:5 |       0 |     592 |   0.0 |       0 |      12 |   0.0 |   764
           D:6 |       0 |     490 |   0.0 |       0 |      15 |   0.0 |   510
           D:7 |       0 |    1162 |   0.0 |       0 |       9 |   0.0 |   517
         Sewer |       0 |     409 |   0.0 |       0 |      48 |   0.0 |   437
       Ossuary |       0 |     140 |   0.0 |       0 |      24 |   0.0 |   460
               +---------+---------+-------+---------+---------+-------+---------
